 Dungeon Crawl Stone Soup version 0.28.0-45-g0d030f2227 (webtiles) character file.

Game seed: 7181989413804203190

645 Bliebski the Cutter (level 7, 0/47 HPs)
             Began as a Demonspawn Gladiator on Apr 22, 2022.
             Succumbed to an orc warrior's poison
             ... on level 4 of the Dungeon.
             The game lasted 00:21:26 (5589 turns).

Bliebski the Cutter (Demonspawn Gladiator)          Turns: 5589, Time: 00:21:27

Health: 0/47       AC: 10    Str: 14 (16) XL:     7   Next: 27%
Magic:  11/11      EV: 14    Int:  6 (9)  God:
Gold:   169        SH:  0    Dex: 20 (21) Spells: 10/11 levels left

rFire   . . .      SeeInvis .   e - +1 dagger (venom)
rCold   . . .      Faith    .   (no shield)
rNeg    . . .      Spirit   .   l - +0 ring mail
rPois   .          Reflect  .   c - +0 helmet
rElec   .          Harm     .   (no cloak)
rCorr   .          Rampage  .   (no gloves)
Will    +....                   (no boots)
Stlth   ++........              (no amulet)
HPRegen 0.15/turn               o - +4 ring of protection
MPRegen 0.12/turn               q - +6 ring of dexterity

@: mighty, brilliant, lethally poisoned (0 -> -6), attractive
A: powered by death 2, sturdy frame 2, weakness stinger 1, frail 1,
strong-willed 1
a: no special abilities


You were on level 4 of the Dungeon.
You visited 1 branch of the dungeon, and saw 5 of its levels.

You collected 169 gold pieces.

Inventory:

Hand Weapons
 a - a +0 rapier
 e - a +1 dagger of venom (weapon)
 g - a +4 short sword of draining
Missiles
 d - 3 throwing nets
 j - 84 stones (quivered)
Armour
 b - a +0 leather armour
 c - a +0 helmet (worn)
 l - a +0 ring mail (worn)
Jewellery
 o - a +4 ring of protection (left hand)
 q - a +6 ring of dexterity (right hand)
Scrolls
 m - a scroll of torment {unknown}
Potions
 h - a potion of invisibility
 i - a potion of flight


   Skills:
 + Level 3.7 Fighting
 + Level 4.1 Short Blades
 - Level 2.0 Throwing
 + Level 1.8 Armour
 + Level 4.0 Dodging
 + Level 2.7 Spellcasting
 + Level 2.9 Conjurations


You had 10 spell levels left.
You knew the following spells:

 Your Spells              Type           Power      Damage    Failure   Level
a - Magic Dart            Conj           24%        1d4       13%         1

Your spell library contained the following spells:

 Spells                   Type           Power      Damage    Failure   Level
 Animate Skeleton         Necr           2%         N/A       38%         1
 Pain                     Necr           4%         1d4       38%         1
 Call Imp                 Summ           1%         N/A       54%         2
 Mephitic Cloud           Conj/Pois/Air  3%         N/A       63%         3
 Vampiric Draining        Necr           1%         2d6       77%         3


Dungeon Overview and Level Annotations

Branches:
Dungeon (5/15)
 Temple: D:4-7

Altars:
Fedhas
Nemelex Xobeh
Vehumet
Zin

Annotations:
D:3 1 runed translucent door, exclusions: door and ice beast, zorge82's ghost, amateur HOFi
D:4 exclusion: black bear


Innate Abilities, Weirdness & Mutations

You regenerate health from kills.
Your movements are less encumbered by armour. (ER -4)
You have a small tail.
You are frail. (-10% HP)
You are strong-willed. (Will+)


Message History

You feel very sick. The orc warrior barely misses you.
You closely miss the orc warrior.
You tail-slap the orc warrior, but do no damage.
The orc warrior is lightly wounded.
You feel sick. The orc warrior completely misses you.
You closely miss the orc warrior.
You tail-slap the orc warrior, but do no damage.
The orc warrior is moderately wounded.
You feel sick.
The orc warrior hits you with a +2 trident of venom!
You are more poisoned.
You feel very sick. The orc warrior closely misses you.
You feel very sick.
There is a stone staircase leading up here.
You feel sick.
The orc warrior hits you but does no damage.
You are lethally poisoned!
You climb upwards.
Level annotation: exclusion: black bear
* * * LOW HITPOINT WARNING * * *
You feel very sick.
There is a stone staircase leading down here.
It was a potion of brilliance.
You feel clever all of a sudden.
* * * LOW HITPOINT WARNING * * *
You feel very sick.
It was a potion of degeneration.
There was something very wrong with that liquid.
You feel weakened.
You feel dopey.
You feel clumsy.
* * * LOW HITPOINT WARNING * * *
You feel sick.
It was a potion of attraction.
You feel attractive to monsters.
* * * LOW HITPOINT WARNING * * *
You feel sick.
It was a potion of might.
You feel very mighty all of a sudden.
You die...

....# ##....#...#.......#
###
.##.###)....#...........##
###......................##
# #...##...............##.##
###..####.............####.#
#......##.###...#....## ###
....##...## ###.##..##
....###..# #..#..# ....#
##.# #.@#..#### ....###..#
##.#..#..# #....##..#
##......##
#.#......######......##
###.####..........##..#
##..## #..#####..####.##
#..#.# #..# #..# ##.##
#..### #..# #..# ##.# #..#
#..## ##..# #.##


There were no monsters in sight!

Vanquished Creatures
  A black bear (D:4)
  A scorpion (D:4)
  A water moccasin zombie (D:5)
  2 howler monkeys (D:5)
  An orc priest (D:5)
  5 iguanas
  2 orc wizards
  A hound skeleton (D:3)
  3 gnolls (D:5)
  5 adders
  A shadow imp (D:5)
  A dart slug (D:2)
  6 orcs
  4 ball pythons
  3 endoplasms
  4 giant cockroaches
  6 goblins
  4 hobgoblins
  4 jackals (D:2)
  4 quokkas
  3 bats
  3 frilled lizards
  4 kobolds
  6 rats
75 creatures vanquished.

Vanquished Creatures (others)
  A fungus (D:4)
1 creature vanquished.

Grand Total: 76 creatures vanquished

Notes
Turn   | Place    | Note
-------+----------+-------------------------------------------
     0 | D:1      | Bliebski the Demonspawn Gladiator began the quest for the
                  | Orb.
     0 | D:1      | Reached XP level 1. HP: 16/16 MP: 1/1
   374 | D:1      | Found a faded altar of an unknown god.
   539 | D:1      | Gained mutation: You have a small tail. [demonic ancestry]
   539 | D:1      | Reached XP level 2. HP: 22/22 MP: 2/2
   556 | D:1      | Learned a level 1 spell: Magic Dart
  1060 | D:1      | Gained mutation: Your magical capacity is low. (-10% MP)
                  | [potion of mutation]
  1060 | D:1      | Gained mutation: You expend magic power (3 MP) to
                  | strengthen your wands. [potion of mutation]
  1060 | D:1      | Gained mutation: You are agile. (Dex +2) [potion of
                  | mutation]
  1060 | D:1      | Gained mutation: Your muscles are strong. (Str +2) [potion
                  | of mutation]
  1938 | D:2      | Reached XP level 3. HP: 27/28 MP: 3/3
  2006 | D:2      | Lost mutation: You are agile. (Dex +2) [potion of mutation]
  2006 | D:2      | Lost mutation: Your muscles are strong. (Str +2) [potion of
                  | mutation]
  2006 | D:2      | Lost mutation: You expend magic power (3 MP) to strengthen
                  | your wands. [potion of mutation]
  2006 | D:2      | Gained mutation: You have supernaturally acute eyesight.
                  | (SInv) [potion of mutation]
  2236 | D:3      | Reached skill level 1 in Spellcasting
  2335 | D:3      | Found a runed translucent door.
  2339 | D:3      | Noticed a scorpion
  2340 | D:3      | Noticed zorge82's ghost (amateur HOFi)
  2551 | D:3      | Found a blossoming altar of Fedhas.
  2574 | D:3      | Reached skill level 1 in Conjurations
  2603 | D:3      | Noticed an ice beast
  2623 | D:3      | Gained mutation: You regenerate a little health from kills.
                  | [demonic ancestry]
  2623 | D:3      | Reached XP level 4. HP: 29/34 MP: 5/5
  3152 | D:4      | Noticed a scorpion
  3157 | D:4      | Killed a scorpion
  3158 | D:4      | Gained mutation: You regenerate health from kills. [demonic
                  | ancestry]
  3158 | D:4      | Reached XP level 5. HP: 40/40 MP: 6/6
  3223 | D:4      | Noticed a phantom
  3548 | D:4      | Lost mutation: You have supernaturally acute eyesight.
                  | (SInv) [potion of mutation]
  3548 | D:4      | Lost mutation: Your magical capacity is low. (-10% MP)
                  | [potion of mutation]
  3548 | D:4      | Gained mutation: You are frail. (-10% HP) [potion of
                  | mutation]
  3548 | D:4      | Gained mutation: You are covered in fur. (AC +1) [potion of
                  | mutation]
  3548 | D:4      | Lost mutation: You are covered in fur. (AC +1) [potion of
                  | mutation]
  3548 | D:4      | Gained mutation: You are strong-willed. (Will+) [potion of
                  | mutation]
  3601 | D:4      | Found a radiant altar of Vehumet.
  3944 | D:4      | Noticed a black bear
  3982 | D:4      | Killed a black bear
  3983 | D:4      | Reached skill level 1 in Armour
  3983 | D:4      | Gained mutation: Your movements are slightly less
                  | encumbered by armour. (ER -2) [demonic ancestry]
  3983 | D:4      | Reached XP level 6. HP: 28/42 MP: 6/9
  4659 | D:5      | Entered Level 5 of the Dungeon
  5050 | D:5      | Gained mutation: Your movements are less encumbered by
                  | armour. (ER -4) [demonic ancestry]
  5050 | D:5      | Reached XP level 7. HP: 33/46 MP: 8/10
  5177 | D:5      | Found a sparkling altar of Nemelex Xobeh.
  5588 | D:4      | HP: 2/47 [poisoned by an orc warrior]
  5589 | D:4      | Succumbed to an orc warrior's poison

Illustrated notes

Levels and vault maps discovered:
D:1:      moated_graveyard_arrival, layout_basic,
          hellmonk_ecumenical_altar_arch_garden, fountainhead
D:2:      layout_basic, patterned_corridor
D:3:      layout_rooms, gammafunk_temple_overflow_elements,
          ebering_ghost_inner_flame, minmay_statues_item
D:4:      layout_layer_cave, vehumet_crystals,
          nicolae_concentric_dashed_squares_mild, uniq_crazy_yiuf_cottage
D:5:      layout_gridville, mainiacjoe_overflow_cross_hatched

Skill      XL: |  1  2  3  4  5  6  7 |
---------------+----------------------+-----
Throwing       | 2 |  2.0
Dodging        | 3 4 |  4.0
Short Blades   | 3 4 |  4.1
Spellcasting   | 1 2 |  2.7
Conjurations   | 1 2 |  2.9
Fighting       | 3 |  3.7
Armour         | 1 |  1.8

Action                   |  1- 3 |  4- 6 |  7- 9 || total
-------------------------+-------+-------+-------++-------
Melee: Dagger            |   121 |    90 |     7 ||   218
       Rapier            |     2 |       |       ||     2
       Tailslap          |     8 |    24 |     9 ||    41
       Punch             |     1 |     3 |       ||     4
       Short sword       |       |    33 |    38 ||    71
Throw: Stone             |     1 |       |       ||     1
 Cast: Magic Dart        |     8 |     6 |       ||    14
  Use: Scroll            |     4 |     3 |       ||     7
       Potion            |     2 |     1 |     5 ||     8
 Stab: Sleeping          |     1 |     1 |       ||     2
Armor: Leather armour    |    31 |     9 |       ||    40
       Ring mail         |       |    26 |    14 ||    40
Dodge: Dodged            |    52 |    62 |    43 ||   157
